 Dungeon Crawl Stone Soup version 0.31-a0-4-gefa6de2278 (webtiles) character file.

Game seed: 5782518637668119831

1125 cheesebisquit the Grappler (level 8, -3/61 HPs)
             Began as a Ghoul Gladiator on May 4, 2023.
             Slain by a lemure (5 damage)
             ... led by Pikel
             ... on level 5 of the Dungeon.
             The game lasted 00:11:58 (4181 turns).

cheesebisquit the Grappler (Ghoul Gladiator)        Turns: 4181, Time: 00:11:58

Health: -3/61      AC:  5    Str: 32    XL:     8   Next: 35%
Magic:  7/7        EV: 11    Int:  3    God:
Gold:   274        SH:  4    Dex: 10    Spells: 7/7 levels left

rFire   . .          .
                       - Unarmed
rCold   + . .        l - +0 buckler
rNeg    + + +        a - +0 leather armour
rPois   ∞            b - +0 helmet
rElec   .            y - +0 cloak
rCorr   .            (no gloves)
SInv    .            (no boots)
Will    .....        (no amulet)
Stlth   +            k - +6 ring of strength
HPRegen 0.00/turn    q - +6 ring of strength
MPRegen 0.10/turn

%: no passive effects
@: inhibited regen
A: claws 1, cold resistance 1, negative energy resistance 3, inhibited
regeneration, torment resistance 2, devour on kill
a: no special abilities


You were on level 5 of the Dungeon.
You visited 1 branch of the dungeon, and saw 6 of its levels.

You collected 274 gold pieces.

Inventory:

Missiles
 c - 3 throwing nets (quivered)
 d - a javelin
 p - 3 poisoned darts
Armour
 a - a +0 leather armour (worn)
 b - a +0 helmet (worn)
 l - a +0 buckler (worn)
 y - a +0 cloak (worn)
Jewellery
 f - a ring of magical power
 k - a +6 ring of strength (left claw)
 q - a +6 ring of strength (right claw)
 u - a ring of flight
 x - a ring of resist corrosion
Scrolls
 e - 3 scrolls of fear {unknown}
 h - 2 scrolls of immolation {unknown}
 m - 2 scrolls of enchant armour {unknown}
 n - a scroll of fog {unknown}
 r - 3 scrolls of identify {unknown}
 s - a scroll of vulnerability {unknown}
 v - a scroll of teleportation {unknown}
Potions
 g - a potion of attraction {unknown}
 i - 3 potions of cancellation {unknown}
 j - 2 potions of mutation {unknown}
 o - a potion of resistance {unknown}
 t - 5 potions of curing {unknown}
 w - 2 potions of lignification {unknown}
 z - a potion of ambrosia {unknown}


   Skills:
 - Level 2.1 Fighting
 - Level 1.7 Throwing
 - Level 2.6 Dodging
 + Level 2.3 Shields
 * Level 10.5 Unarmed Combat


You had 7 spell levels left.
You didn't know any spells.
Your spell library contained the following spells:

 Spells                   Type           Power      Damage    Failure   Level
 Slow                     Hex            0%         N/A       61%         1
 Cigotuvi's Dreadful Rot  Necr/Pois/Air  0%         N/A       75%         2
 Confusing Touch          Hex            0%         N/A       93%         3
 Dazzling Flash           Conj/Hex       0%         N/A       93%         3
 Ignite Poison            Fire/Tmut/Pois 0%         N/A       93%         3
 Vampiric Draining        Necr           0%         2d6       93%         3
 Volatile Blastmotes      Fire/Tloc      0%         2d10      93%         3
 Iskenderun's Mystic Bla  Conj/Tloc      0%         2d3       100%        4
 Freezing Cloud           Conj/Ice/Air   0%         6-21      100%        5
 Starburst                Conj/Fire      0%         6d3       100%        6


Dungeon Overview and Level Annotations

Branches:
Dungeon (6/15)
 Temple: D:4-7

Altars:
Gozag
Vehumet

Shops:
D:1 *

Annotations:
D:5 Pikel


Innate Abilities, Weirdness & Mutations

You are immune to poison.
You have sharp fingernails.
Your flesh is cold resistant. (rC+)
You are immune to negative energy. (rN+++)
You do not regenerate when monsters are visible.
You are immune to unholy pain and torment.
You thrive by killing the living.


Message History

The white imp is heavily wounded.
The white imp hits you. The white imp freezes you. You resist.
You claw the white imp!
You kill the white imp!
A lemure is nearby!
Pikel shouts!
The lemure shouts!
There is a stone staircase leading up here.
A bullfrog comes into view.
The lemure shouts!
Pikel hits you with a +2 whip of electrocution!
The lemure hits you.
You climb upwards.
There is a stone staircase leading down here.
You scratch Pikel.
Pikel is lightly wounded.
You claw Pikel!
Pikel is moderately wounded.
The lemure hits you. Pikel closely misses you.
You claw Pikel!
Pikel is severely wounded.
The lemure hits you.
Pikel hits you with a +2 whip of electrocution!
Okay, then.
You claw Pikel!
Pikel is almost dead.
The lemure misses you. Pikel hits you but does no damage.
You closely miss Pikel.
Pikel is almost dead.
The lemure completely misses you.
Pikel hits you with a +2 whip of electrocution!
* * * LOW HITPOINT WARNING * * *
You are electrocuted!
* * * LOW HITPOINT WARNING * * *
You closely miss Pikel.
Pikel is almost dead.
You completely miss Pikel.
Pikel is almost dead.
The lemure hits you.
You die...

#...........########.#
###.........##...###.# ###
#.........##.......# ..#
#.........'....##### ..#
#.........###..# ..#
###......####..#
..######÷####.......#
......##.#.#######.##
......+........5@K.#
......##...###.#################
...........###.................#
..###..#.#.....###############.#
..'...##.#####.# #.#
..'#####.#...#.# ####.# .#...#
#.#...#.### #....# ##...#
#.#.#.#...# #######.#### #....#
#.#.#.###.####.....#.####


You could see Pikel and a lemure.

Vanquished Creatures
  A water moccasin (D:5)
  2 ice beasts (D:5)
  An ogre (D:5)
  A scorpion (D:5)
  A howler monkey (D:5)
  5 hounds
  3 orc priests
  3 iguanas
  An orc wizard (D:3)
  Natasha (thrice) (D:3)
  A statue (D:4)
  3 gnolls (D:5)
  7 adders
  A white imp (D:6)
  3 worms
  11 orcs
  12 endoplasms
  10 giant cockroaches
  9 goblins
  6 hobgoblins
  3 jackals (D:4)
  5 kobolds
  5 quokkas
  4 ball pythons
  4 bats
  5 frilled lizards
  12 rats
122 creatures vanquished.

Notes
Turn   | Place    | Note
-------+----------+-------------------------------------------
     0 | D:1      | cheesebisquit the Ghoul Gladiator began the quest for the
                  | Orb.
     0 | D:1      | Reached XP level 1. HP: 17/17 MP: 0/0
    80 | D:1      | Found a faded altar of an unknown god.
   114 | D:1      | Reached XP level 2. HP: 24/24 MP: 1/1
   117 | D:1      | Reached skill level 4 in Unarmed Combat
   382 | D:1      | Found Pugo's General Store.
   561 | D:1      | Reached XP level 3. HP: 28/29 MP: 2/2
   956 | D:2      | Reached skill level 5 in Unarmed Combat
  1309 | D:2      | Reached XP level 4. HP: 36/36 MP: 3/3
  1593 | D:3      | Reached skill level 6 in Unarmed Combat
  1593 | D:3      | Reached XP level 5. HP: 24/41 MP: 4/4
  2067 | D:3      | Noticed Natasha
  2075 | D:3      | Killed Natasha
  2121 | D:3      | Noticed Natasha
  2132 | D:3      | Killed Natasha
  2133 | D:3      | Reached skill level 7 in Unarmed Combat
  2133 | D:3      | Reached XP level 6. HP: 14/48 MP: 5/5
  2418 | D:3      | Noticed Natasha
  2424 | D:3      | Killed Natasha
  2673 | D:4      | Reached skill level 8 in Unarmed Combat
  2899 | D:4      | Found a radiant altar of Vehumet.
  3095 | D:5      | Entered Level 5 of the Dungeon
  3113 | D:5      | Reached XP level 7. HP: 34/55 MP: 6/6
  3164 | D:5      | Reached skill level 9 in Unarmed Combat
  3240 | D:5      | Reached skill level 1 in Shields
  3252 | D:5      | Reached XP level 8. HP: 61/61 MP: 7/7
  3252 | D:5      | Found an opulent altar of Gozag.
  3323 | D:5      | Reached skill level 10 in Unarmed Combat
  4103 | D:6      | Noticed Pikel
  4179 | D:5      | HP: 2/61 [Pikel/+2 whip of electrocution (16)]
  4181 | D:5      | Slain by a lemure

Illustrated notes

Levels and vault maps discovered:
D:1:      sevenhm_arrival_forest_fort_small_3, layout_basic, serial_shops, shop,
          hellmonk_ecumenical_altar_arch_garden
D:2:      layout_loops_ring
D:3:      minmay_angry_zag, layout_basic, minmay_vboxes, uniq_natasha
D:4:      layout_rooms, vehumet_statue, minmay_misc_feat_secret_circle
D:5:      layout_basic, nicolae_gozag_seed_capital, minmay_crossroads
D:6:      layout_rooms, nicolae_qazlal_scattered_showers,
          nemelex_diamond_rough_becter, uniq_pikel

Skill      XL: |  1  2  3  4  5  6  7  8 |
---------------+-------------------------+-----
Unarmed Combat | 4 5 6 7 8 9 10 | 10.5
Shields        | 1 2 |  2.3
Fighting       | |  2.1
Throwing       | |  1.7
Dodging        | |  2.6

Action                     |  1- 3 |  4- 6 |  7- 9 || total
---------------------------+-------+-------+-------++-------
  Melee: Unarmed           |    93 |   177 |    75 ||   345
 Armour: Leather armour    |    26 |    34 |    12 ||    72
  Dodge: Dodged            |    44 |    70 |    31 ||   145
  Block: Buckler           |     1 |    15 |    10 ||    26

Table legend: (Time is in decaauts)
 A = Elapsed time spent in this place.
 B = Non-inter-level travel time spent in this place.
 C = Inter-level travel time spent in this place.
 D = Time resting spent in this place.
 E = Time spent auto-exploring this place.
 F = Levels seen in this place.
 G = Mean time per level.
                   A        B        C        D        E       F      G
               +--------+--------+--------+--------+--------+-----+--------+
         Total |   4150 |   3986 |    164 |      1 |   3275 |   6 |  691.7 |
       Dungeon |   4150 |   3986 |    164 |      1 |   3275 |   6 |  691.7 |
               +--------+--------+--------+--------+--------+-----+--------+

Top non-repeatable levels by time:
     D:5: 1050 daAuts
     D:3: 981 daAuts
     D:1: 796 daAuts
     D:2: 673 daAuts
     D:4: 627 daAuts
     D:6: 22 daAuts
